 Dungeon Crawl Stone Soup version 0.29.1-1-gd02db6906a (webtiles) character file.

Game seed: 15878591818983701749

135 GigaChad the Covered (level 4, 0/40 HPs)
             Began as a Minotaur Fighter on Oct 12, 2022.
             Frozen to death by an endoplasm (3 damage)
             ... on level 2 of the Dungeon.
             The game lasted 00:03:11 (1768 turns).

GigaChad the Covered (Minotaur Fighter)             Turns: 1768, Time: 00:03:12

Health: 0/40       AC: -4    Str: 23    XL:     4   Next: 97%
Magic:  3/3        EV:  9    Int:  5    God:
Gold:   107        SH:  4    Dex:  9    Spells: 3/3 levels left

rFire   . . .      SeeInvis .   a - +1 long sword
rCold   . . .      Faith    .   c - +0 buckler
rNeg    . . .      Spirit   .   b - +0 scale mail
rPois   .          Reflect  .   (helmet restricted)
rElec   .          Harm     .   (no cloak)
rCorr   .          Rampage  .   (no gloves)
Will    .....                   (no boots)
Stlth   ..........              (no amulet)
HPRegen 0.13/turn               (no ring)
MPRegen 0.08/turn               (no ring)

@: corroded
A: horns 2, retaliatory headbutt
a: no special abilities


You were on level 2 of the Dungeon.
You visited 1 branch of the dungeon, and saw 2 of its levels.

You collected 107 gold pieces.

Inventory:

Hand Weapons
 a - a +1 long sword (weapon)
Armour
 b - a +0 scale mail (worn)
 c - a +0 buckler (worn)
Scrolls
 f - 4 scrolls of identify {unknown}
Potions
 d - a potion of might
 e - a potion of mutation {unknown}
 g - a potion of flight {unknown}
 h - a potion of degeneration {unknown}


   Skills:
 + Level 4.2 Fighting
 + Level 4.2 Long Blades
 + Level 4.8 Armour
 + Level 0.6 Dodging
 + Level 0.2 Stealth
 + Level 4.2 Shields


You had 3 spell levels left.
You didn't know any spells.
Your spell library was empty.

Dungeon Overview and Level Annotations

Branches:
Dungeon (2/15)

Altars:


Innate Abilities, Weirdness & Mutations

You have a pair of horns on your head.
You reflexively headbutt those who attack you in melee.


Message History

The jelly hits you but does no damage.
You hit the jelly. The acid corrodes you!
Your hands burn!
You headbutt the jelly!
The jelly is severely wounded.
The jelly hits you. The acid corrodes you!
You are splashed with acid!
You hit the jelly.
You kill the jelly!
Your Long Blades skill increases to level 4!
You hit the endoplasm but do no damage. The endoplasm freezes you.
You are frozen.
You hit the endoplasm.
The endoplasm is lightly wounded.
The endoplasm barely misses you. The endoplasm freezes you.
You are frozen.
You hit the endoplasm.
The endoplasm is moderately wounded.
The endoplasm freezes you.
You are frozen.
* * * LOW HITPOINT WARNING * * *
You hit the endoplasm.
You kill the endoplasm!
You barely miss the endoplasm. The endoplasm hits you.
* * * LOW HITPOINT WARNING * * *
You hit the endoplasm.
You headbutt the endoplasm, but do no damage.
The endoplasm is moderately wounded.
The endoplasm closely misses you. The endoplasm hits you.
* * * LOW HITPOINT WARNING * * *
You barely miss the endoplasm.
The endoplasm is moderately wounded.
The endoplasm quivers.
The endoplasm hits you.
* * * LOW HITPOINT WARNING * * *
You hit the endoplasm but do no damage.
The endoplasm is moderately wounded.
The endoplasm freezes you.
You are frozen.
You die...

#####.##.#####.#.#.####.##.##..#
...##..#.......#......#.##.##..##
##.###.#############..#..........
##.# #.# ### #######.#####
.#.###.##$..JJJ##.####### #...###
##.....##P.PPPP#.#.#....###(.....
########÷.....#.#.#.....##...###
#.....##.PJ.JP#)#'#......'.....#
#...[.##.J.÷..#@#.....(..'..##.#
#.....##..÷..P#J#........'..##.#
##..####..÷...#J#.......##(.##.#
##..# #.÷..P.'##......###(.##.#
##.# #......############.###.#
#.# ####### ######(.# #.#
#.###############.......# #.#
#...............#.#.#...# #.#
#########......>..#.#.#.# #.#


You could see 2 endoplasms.

Vanquished Creatures
  2 jellies (D:2)
  2 adders (D:2)
  2 worms (D:2)
  7 endoplasms
  2 giant cockroaches (D:1)
  4 hobgoblins
  7 jackals
  10 kobolds
  4 quokkas (D:1)
  2 bats (D:1)
  2 frilled lizards
  2 goblins
  3 rats (D:1)
49 creatures vanquished.

Vanquished Creatures (others)
  6 fungi (D:2)
  7 toadstools (D:2)
13 creatures vanquished.

Grand Total: 62 creatures vanquished

Notes
Turn   | Place    | Note
-------+----------+-------------------------------------------
     0 | D:1      | GigaChad the Minotaur Fighter began the quest for the Orb.
     0 | D:1      | Reached XP level 1. HP: 19/19 MP: 0/0
   382 | D:1      | Reached XP level 2. HP: 19/27 MP: 1/1
   923 | D:2      | Reached XP level 3. HP: 26/33 MP: 2/2
  1400 | D:2      | Reached XP level 4. HP: 33/38 MP: 3/3
  1768 | D:2      | Frozen to death by an endoplasm

Illustrated notes

Levels and vault maps discovered:
D:1:      evilmike_arrival_plus, layout_basic, minmay_misc_feat_tiny
D:2:      cheibrodos_fertilizer, layout_basic,
          dreamdust_ecumenical_altar_hidden_monk_grotto

Skill      XL: |  1  2  3  4 |
---------------+-------------+-----
Armour         | 4 |  4.8
Shields        | 4 |  4.2
Long Blades    | 3 4 |  4.2
Fighting       | 4 |  4.2
Dodging        | |  0.6
Stealth        | |  0.2

Action                   |  1- 3 |  4- 6 || total
-------------------------+-------+-------++-------
Melee: Long sword        |   100 |    34 ||   134
       Headbutt          |     9 |     4 ||    13
  Use: Scroll            |       |     2 ||     2
Armor: Scale mail        |    80 |    11 ||    91
Dodge: Dodged            |    57 |     9 ||    66
Block: Buckler           |    28 |     4 ||    32
